 Seeded DCSS version 0.30-a0-719-gcc4359ea44 (webtiles) character file.

Game seed: 905864180322077160 (custom seed)

303 hikkokomori the Covered (level 6, -3/56 HPs)
             Began as a Minotaur Fighter on Jan 27, 2023.
             Succumbed to an orc wizard's poison
             ... on level 3 of the Dungeon.
             The game lasted 00:02:55 (1969 turns).

hikkokomori the Covered (Minotaur Fighter)          Turns: 1969, Time: 00:02:56

Health: -3/56      AC:  7    Str: 20    XL:     6   Next: 15%
Magic:  5/5        EV:  9    Int:  5    God:
Gold:   173        SH:  0    Dex: 12    Spells: 5/5 levels left

rFire   . . .      SeeInvis .    a - +0 war axe
rCold   . . .      Faith    .    c - +0 buckler
rNeg    . . .      Spirit   .    b - +0 scale mail
rPois   .          Reflect  .    i - +0 hat
rElec   .          Harm     .    (no cloak)
rCorr   .          Rampage  .    (no gloves)
Will    .....                    (no boots) Stlth
                                 (no amulet)
HPRegen 0.29/turn                (no ring)
MPRegen 0.09/turn                (no ring)

@: confused, mighty, lethally poisoned (-3 -> -18), attractive
A: horns 2, retaliatory headbutt
a: no special abilities


You were on level 3 of the Dungeon.
You visited 1 branch of the dungeon, and saw 3 of its levels.
You also visited: Sewer.

You collected 173 gold pieces.

Inventory:

Hand Weapons
 a - a +0 war axe (weapon)
Armour
 b - a +0 scale mail (worn)
 c - a +0 buckler (worn)
 i - a +0 hat (worn)
Wands
 k - a wand of iceblast (5)
Scrolls
 f - a scroll of vulnerability {unknown}
 g - 4 scrolls of teleportation {unknown}
 n - 2 scrolls of silence {unknown}
 o - a scroll of enchant armour {unknown}
Potions
 d - a potion of might
 h - a potion of flight
 j - a potion of haste


   Skills:
 + Level 5.2 Fighting
 + Level 4.3 Axes
 + Level 5.2 Armour
 + Level 5.2 Shields


You had 5 spell levels left.
You didn't know any spells.
Your spell library contained the following spells:

 Spells                   Type           Power      Damage    Failure   Level
 Magic Dart               Conj           0%         1d3       88%         1
 Cigotuvi's Dreadful Rot  Necr/Pois/Air  0%         N/A       95%         2
 Searing Ray              Conj           0%         2d4       95%         2
 Dispel Undead            Necr           0%         3d6       100%        4
 Fulminant Prism          Conj/Hex       0%         3d5       100%        4
 Death Channel            Necr           0%         N/A       100%        6


Dungeon Overview and Level Annotations

Branches:
Dungeon (3/15)              Sewer (visited)

Altars:

Shops:
D:1 *


Innate Abilities, Weirdness & Mutations

You have a pair of horns on your head.
You reflexively headbutt those who attack you in melee.


Message History

You feel better. Something hits you but does no damage.
You are poisoned.
You barely miss something.
You feel very sick.
You hear some strange, mumbled words.
Something tries to affect you, but you resist.
You hit something.
You feel sick. Something hits you but does no damage.
You are lethally poisoned!
You feel better. Something hits you.
You are poisoned.
You completely miss something.
You feel sick. Something hits you. Something hits you but does no damage.
You are more poisoned.
You miss something.
You feel very sick. Something hits you but does no damage.
You are more poisoned.
You hit something.
* * * LOW HITPOINT WARNING * * *
You feel very sick. Something hits you but does no damage.
You are lethally poisoned!
You completely miss something.
* * * LOW HITPOINT WARNING * * *
You feel very sick. Something hits you but does no damage.
You hear some strange, mumbled words.
You are confused.
You're too confused to attack without stumbling around!
Something hits you but does no damage.
* * * LOW HITPOINT WARNING * * *
You feel sick.
It was a potion of magic.
Magic courses through your body.
* * * LOW HITPOINT WARNING * * *
You feel sick. Something hits you.
* * * LOW HITPOINT WARNING * * *
You are more poisoned.
It was a potion of attraction.
You feel attractive to monsters.
You die...

8P...####.....#................##
###._P#####......................
..##....8.'..................####
...####.#.#.......)...(......##..
....#P..#.#.[.......>............
..<.#'###.#......................
....#.....#......................
....#######..................####
................@).............##
.................).).#.......#...
######.........>.)...############
#.<.............# ##.
#...............# #..
##.............## ##..
##.....#......## ##..#
##....)..#.#..# #...#
#..........##.########...#


There were no monsters in sight!

Vanquished Creatures
  Pargi (Sewer)
  A centaur (D:3)
  An orc wizard (D:3)
  3 adders (D:3)
  A worm (D:3)
  7 orcs (D:3)
  4 ball pythons
  4 endoplasms (D:1)
  4 giant cockroaches
  6 goblins
  4 hobgoblins
  4 kobolds
  3 quokkas (D:1)
  10 bats
  4 frilled lizards
  A rat (D:3)
58 creatures vanquished.

Notes
Turn   | Place    | Note
-------+----------+-------------------------------------------
     0 | D:1      | hikkokomori the Minotaur Fighter began the quest for the
                  | Orb.
     0 | D:1      | Reached XP level 1. HP: 19/19 MP: 0/0
    17 | D:1      | Found Heeq's Assorted Antiques.
   122 | D:1      | Reached XP level 2. HP: 27/27 MP: 1/1
  1093 | D:2      | Reached XP level 3. HP: 33/33 MP: 2/2
  1212 | D:2      | You fall into a shaft and drop 1 floor!
  1229 | D:3      | Found a glowing drain.
  1233 | D:3      | Noticed a centaur
  1250 | D:3      | Killed a centaur
  1251 | D:3      | Reached XP level 4. HP: 5/41 MP: 3/3
  1406 | D:3      | Reached XP level 5. HP: 46/47 MP: 4/4
  1415 | Sewer    | Entered a sewer
  1441 | Sewer    | Noticed Pargi
  1449 | Sewer    | Killed Pargi
  1450 | Sewer    | Reached skill level 5 in Fighting
  1450 | Sewer    | Reached skill level 5 in Armour
  1450 | Sewer    | Reached skill level 5 in Shields
  1719 | D:3      | Reached XP level 6. HP: 54/56 MP: 5/5
  1883 | D:3      | Found a faded altar of an unknown god.
  1968 | D:3      | HP: 1/56 [something (3)]
  1969 | D:3      | Succumbed to an orc wizard's poison

Illustrated notes

Levels and vault maps discovered:
D:1:      dpeg_arrival_renting, layout_loops_ring, serial_shops, shop,
          nicolae_figureground_sparkle
D:2:      layout_loops_ring, grunt_ministairs_14, kennysheep_generic_room_4,
          uniq_crazy_yiuf_cottage
D:3:      layout_rooms, gup_sewer_entry_glass, shapermc_ecumenical_altar_ellora,
          nicolae_titane

Skill      XL: |  1  2  3  4  5 |
---------------+----------------+-----
Armour         | 4 5 |  5.2
Shields        | 4 5 |  5.2
Fighting       | 4 5 |  5.2
Axes           | 3 4 |  4.3

Action                     |  1- 3 |  4- 6 || total
---------------------------+-------+-------++-------
  Melee: War axe           |    47 |    57 ||   104
         Headbutt          |     3 |     7 ||    10
    Use: Scroll            |     4 |       ||     4
         Potion            |       |     8 ||     8
 Armour: Scale mail        |    28 |    47 ||    75
  Dodge: Dodged            |    33 |    33 ||    66
  Block: Buckler           |    16 |    19 ||    35

Table legend: (Time is in decaauts)
 A = Elapsed time spent in this place.
 B = Non-inter-level travel time spent in this place.
 C = Inter-level travel time spent in this place.
 D = Time resting spent in this place.
 E = Time spent auto-exploring this place.
 F = Levels seen in this place.
 G = Mean time per level.
                   A        B        C        D        E       F      G
               +--------+--------+--------+--------+--------+-----+--------+
         Total |   2008 |   1944 |     64 |    118 |   1451 |   4 |  502.0 |
       Dungeon |   1914 |   1850 |     64 |    118 |   1390 |   3 |  638.0 |
         Sewer |     94 |     94 |      0 |      0 |     61 |   1 |   94.0 |
               +--------+--------+--------+--------+--------+-----+--------+

Top non-repeatable levels by time:
     D:1: 923 daAuts
     D:3: 687 daAuts
     D:2: 302 daAuts
   Sewer: 94 daAuts
